 Dungeon Crawl Stone Soup version 0.22-a0-292-g0df9d5f48d (webtiles) character file.

1741 Infinimo the Slicer (level 9, -14/85 HPs)
             Began as a Kobold Berserker on Mar 23, 2018.
             Was an Elder of Trog.
             Demolished by feamirim's ghost (23 damage)
             ... on level 7 of the Dungeon.
             The game lasted 00:10:35 (5305 turns).

Infinimo the Slicer (Kobold Berserker)              Turns: 5305, Time: 00:10:35

Health: -14/85     AC:  6    Str: 19    XL:     9   Next: 26%
Magic:  9/9        EV: 18    Int:  9    God:    Trog [****..]
Gold:   255        SH:  0    Dex: 17    Spells: 8/8 levels left

rFire    . . .     SeeInvis .   e - +1 dagger (elec)
rCold    . . .     Gourm    .   (shield restricted)
rNeg     . . .     Faith    .   h - +0 ring mail
rPois    .         Spirit   .   (no helmet)
rElec    .         Reflect  .   (no cloak)
rCorr    .         Harm     .   v - +0 pair of gloves
MR       .....                  (no boots)
Stlth    ..........             k - amulet of regeneration
HPRegen  0.64/turn              j - ring of stealth
MPRegen  0.11/turn              (no ring)

@: berserking, very quick
A: small, carnivore
a: Berserk, Trog's Hand, Brothers in Arms, Renounce Religion


You were on level 7 of the Dungeon.
You worshipped Trog.
Trog was greatly pleased with you.
You were full.

You visited 1 branch of the dungeon, and saw 7 of its levels.
You also visited: Sewer.

You collected 390 gold pieces.
You spent 135 gold pieces at shops.

Inventory:

Hand Weapons
 e - a +1 dagger of electrocution (weapon)
 f - a +4 short sword of venom
Armour
 h - a +0 ring mail (worn)
 v - a +0 pair of gloves (worn)
Jewellery
 j - a ring of stealth (left hand)
 k - an amulet of regeneration (around neck)
Wands
 m - a wand of scattershot (3)
 w - a wand of clouds (7)
Scrolls
 a - 2 scrolls of magic mapping
 i - a scroll of teleportation
 l - 4 scrolls of remove curse
 p - 3 scrolls of fog
 q - 2 scrolls of amnesia
 r - a scroll of fear {unknown}
 t - 5 scrolls of identify
 u - a scroll of immolation {unknown}
 x - a scroll of enchant armour {unknown}
 y - a scroll of vulnerability {unknown}
Potions
 b - 2 potions of curing
 d - a potion of mutation {unknown}
 g - 2 potions of haste
 n - a potion of ambrosia {unknown}
 o - a potion of invisibility {unknown}
 s - a potion of flight {unknown}
 z - a potion of might
 A - a potion of heal wounds
 B - a potion of degeneration {unknown}
 C - a potion of cancellation {unknown}
 D - a potion of magic {unknown}
Comestibles
 c - 12 rations


   Skills:
 + Level 7.0 Fighting
 * Level 11.0 Short Blades
 - Level 1.5 Armour
 + Level 7.1 Dodging


You had 8 spell levels left.
You didn't know any spells.

Dungeon Overview and Level Annotations

Branches:
Dungeon (7/15)             Temple (0/1) D:6

Altars:
Cheibriados
Fedhas

Shops:
D:5 !}

Annotations:
D:7 feamirim's ghost, novice DsFi


Innate Abilities, Weirdness & Mutations

You are small and have problems with some larger weapons.
You are carnivorous and can eat meat at any time.


Message History

Feamirim's ghost hits you!!
* * * LOW HITPOINT WARNING * * *
You hit feamirim's ghost but do no damage.
Lightning courses through feamirim's ghost!
Feamirim's ghost is severely damaged.
You hit feamirim's ghost but do no damage.
Feamirim's ghost is severely damaged.
Feamirim's ghost misses you.
Okay, then.
A red film seems to cover your vision as you go berserk!
You feel yourself moving faster!
You feel mighty! Feamirim's ghost hits you!
* * * LOW HITPOINT WARNING * * *
Feamirim's ghost is severely damaged.
You hit feamirim's ghost but do no damage.
Feamirim's ghost is severely damaged.
You hit feamirim's ghost but do no damage.
Lightning courses through feamirim's ghost!
Feamirim's ghost is almost destroyed.
Feamirim's ghost hits you!!
You die...

......)..)).)#####.#.# #
...#########.#..<#.#.#.#
.......(.........>#
#######(#.....#.###
#.#####.....#
#######.......#.#.#
###.......$######.#
..'...............#
##...W@..........
#...............
#...............
#...?..(........
#...............
#........#####..
.........# /..########


You could see feamirim's ghost.

Vanquished Creatures
  The ghost of feamirim the Chopper, an amateur DsFi (D:4)
  A phantom (D:5)
  2 ice beasts
  An orc warrior (D:7)
  A centaur (D:7)
  An ogre (D:4)
  A crocodile (Sewer)
  4 bullfrogs (D:6)
  A howler monkey (D:5)
  A bullfrog zombie (D:5)
  4 crimson imps
  2 hounds
  A bullfrog skeleton (D:4)
  An iron imp (D:5)
  Natasha (twice) (D:2)
  4 worker ants
  2 hound zombies
  2 hound skeletons
  4 gnolls
  5 adders
  A shadow imp (D:5)
  An ooze (D:3)
  An adder skeleton (D:6)
  3 worms
  A dart slug (D:1)
  A leopard gecko (D:3)
  12 orcs
  8 giant cockroaches
  6 goblins
  7 hobgoblins
  13 jackals
  11 kobolds
  4 quokkas
  8 bats
  5 frilled lizards
  A leopard gecko skeleton (D:5)
  8 rats
132 creatures vanquished.

Notes
Turn   | Place    | Note
-------+----------+-------------------------------------------
     0 | D:1      | Infinimo the Kobold Berserker began the quest for the Orb.
     0 | D:1      | Reached XP level 1. HP: 14/14 MP: 1/1
    89 | D:1      | Reached XP level 2. HP: 19/19 MP: 2/2
   229 | D:1      | Reached XP level 3. HP: 23/23 MP: 3/3
   469 | D:1      | Reached ** piety under Trog
   469 | D:1      | Reached skill level 5 in Short Blades
   891 | D:2      | Reached XP level 4. HP: 24/29 MP: 4/4
  1006 | D:2      | Noticed Natasha
  1029 | D:2      | Killed Natasha
  1331 | D:2      | Reached XP level 5. HP: 33/33 MP: 5/5
  1428 | D:2      | Noticed Natasha
  1432 | D:2      | Killed Natasha
  1432 | D:2      | Reached skill level 6 in Short Blades
  1916 | D:3      | Reached *** piety under Trog
  2238 | D:4      | Noticed feamirim's ghost (amateur DsFi)
  2243 | D:4      | Reached XP level 6. HP: 38/39 MP: 6/6
  2742 | D:4      | Found a glowing drain.
  2770 | Sewer    | Entered a sewer
  2837 | Sewer    | Reached skill level 7 in Short Blades
  3172 | D:4      | Noticed an ogre
  3185 | D:4      | Killed an ogre
  3185 | D:4      | Reached skill level 5 in Fighting
  3185 | D:4      | Reached XP level 7. HP: 32/44 MP: 7/7
  3490 | D:4      | Killed feamirim's ghost
  3490 | D:4      | Reached skill level 8 in Short Blades
  3490 | D:4      | Reached skill level 5 in Dodging
  3901 | D:5      | Entered Level 5 of the Dungeon
  3996 | D:5      | Reached XP level 8. HP: 45/50 MP: 8/8
  4007 | D:5      | Found a snail-covered altar of Cheibriados.
  4041 | D:5      | Reached skill level 9 in Short Blades
  4131 | D:5      | Found a blossoming altar of Fedhas.
  4215 | D:5      | Found Zinuasab's Gadget Emporium.
  4279 | D:5      | Found Caedwauh's Distillery.
  4282 | D:5      | Bought a potion of might for 60 gold pieces
  4282 | D:5      | Bought a potion of heal wounds for 75 gold pieces
  4743 | D:6      | Reached skill level 10 in Short Blades
  4805 | D:6      | Reached **** piety under Trog
  5030 | D:6      | Reached XP level 9. HP: 49/56 MP: 9/9
  5132 | D:6      | Found a staircase to the Ecumenical Temple.
  5261 | D:7      | Reached skill level 11 in Short Blades
  5289 | D:7      | Noticed feamirim's ghost (novice DsFi)
  5305 | D:7      | Demolished by feamirim's ghost

Vault maps used:
D:1:      elethiomel_arrival_shortcut, serial_park_tiny_pond
D:2:      kennysheep_pointless_box, corexii_hall_statues_i, uniq_natasha
D:4:      cheibrodos_sewer_entry_bend, kennysheep_generic_room_4
D:5:      fedhas_altar_2, slow_altar_1, serial_shops, shop,
          nicolae_shop_behind_doors, first_ration, grunt_tough_drop
D:6:      minmay_temple_entry_butterflies
D:7:      lemuel_bear_cage
Sewer:    sewer_the_crocodile

Skill      XL: |  1  2  3  4  5  6  7  8  9 |
---------------+----------------------------+-----
Dodging        | 3 4 5 6 7 |  7.1
Short Blades   | 5 6 7 8 10 11 | 11.0
Fighting       | 4 5 6 7 |  7.0
Armour         | |  1.5

Action                   |  1- 3 |  4- 6 |  7- 9 || total
-------------------------+-------+-------+-------++-------
Melee: Short sword       |    71 |   119 |   189 ||   379
       Dagger            |    17 |    65 |    55 ||   137
Invok: Berserk           |     3 |     1 |     2 ||     6
  Use: Scroll            |     2 |     9 |       ||    11
       Potion            |       |     1 |       ||     1
 Stab: Distracted        |       |       |     1 ||     1
       Sleeping          |       |       |     1 ||     1
  Eat: Chunk             |     7 |     8 |    10 ||    25
Armor: Animal skin       |     6 |       |       ||     6
       Ring mail         |     2 |    44 |    34 ||    80
Dodge: Dodged            |    59 |   136 |   100 ||   295

Table legend:
 A = Spawn XP
 B = Non-spawn XP
 C = Spawn XP percentage of total XP
 D = Spawn monster count
 E = Non-spawn monster count
 F = Spawn count percentage of total count
 G = Total turns spent on level
                    A         B        C        D         E        F      G
               +---------+---------+-------+---------+---------+-------+---------
         Total |       0 |    2488 |   0.0 |       0 |     132 |   0.0 |  5305
               +---------+---------+-------+---------+---------+-------+---------
           D:1 |       0 |      60 |   0.0 |       0 |      27 |   0.0 |   788
           D:2 |       0 |     115 |   0.0 |       0 |      23 |   0.0 |   697
           D:3 |       0 |      71 |   0.0 |       0 |      25 |   0.0 |  1088
           D:4 |       0 |     469 |   0.0 |       0 |      15 |   0.0 |  1034
           D:5 |       0 |     715 |   0.0 |       0 |      18 |   0.0 |   783
           D:6 |       0 |     692 |   0.0 |       0 |      14 |   0.0 |   534
           D:7 |       0 |     255 |   0.0 |       0 |       4 |   0.0 |    87
         Sewer |       0 |     111 |   0.0 |       0 |       6 |   0.0 |   294
               +---------+---------+-------+---------+---------+-------+---------
